 Dungeon Crawl Stone Soup version 0.32-a0-433-g08bcfe7efd (webtiles) character file.

Game seed: 8082056305266379185

222 ezpacito the Trooper (level 5, -3/42 HPs)
             Began as a Demonspawn Chaos Knight on Feb 22, 2024.
             Was a Plaything of Xom.
             Slain by a river rat (7 damage)
             ... on level 3 of the Dungeon.
             The game lasted 00:04:28 (1585 turns).

ezpacito the Trooper (Demonspawn Chaos Knight)      Turns: 1585, Time: 00:04:29

Health: -3/42      AC:  6    Str: 20    XL:     5   Next: 66%
Magic:  7/7        EV: 12    Int: 12    God:    Xom [..*...]
Gold:   180        SH:  0    Dex: 13    Spells: 7/7 levels left

rFire   + . .        a - +0 hand axe (chaos)
rCold   . . .        (no shield)
rNeg    + . .        b - +2 leather armour
rPois   +            (no helmet)
rElec   .            (no cloak)
rCorr   .            c - +0 pair of gloves
SInv    .            (no boots)
Will    .....        (no amulet)
Stlth   +            g - +6 ring of strength
HPRegen 0.27/turn    m - ring "Oxkopiat" {rPois rF+ rN+ Slay+2}
MPRegen 0.10/turn

%: no passive effects
@: brilliant
A: foul stench 1, powered by death 1
a: Renounce Religion


You were on level 3 of the Dungeon.
You worshipped Xom.
You were a toy of Xom.
You visited 1 branch of the dungeon, and saw 3 of its levels.

You collected 180 gold pieces.

Inventory:

Hand Weapons
 a - a +0 hand axe of chaos (weapon)
Missiles
 j - 3 javelins (quivered)
Armour
 b - a +2 leather armour (worn)
 c - a +0 pair of gloves (worn)
Magical Staves
 r - a staff of death
Jewellery
 g - a +6 ring of strength (left hand)
 i - a +6 ring of intelligence
 m - the ring "Oxkopiat" (right hand) {rPois rF+ rN+ Slay+2}
   (You found it on level 3 of the Dungeon)

   [ring of poison resistance]

   Slay+2:    It affects your accuracy & damage with ranged weapons and melee
   (+2).
   rF+:       It protects you from fire.
   rPois:     It protects you from poison rN+: It protects you from negative
   energy.
Wands
 l - a wand of acid (2)
Scrolls
 k - a scroll of fog {unknown}
 n - a scroll of blinking {unknown}
 o - a scroll of identify {unknown}
 q - a scroll of vulnerability {unknown}
Potions
 d - a potion of curing
 e - a potion of brilliance {unknown}
 f - a potion of attraction {unknown}
 h - a potion of ambrosia {unknown}
 p - a potion of might {unknown}


   Skills:
 * Level 3.7 Fighting
 * Level 3.3 Axes
 * Level 2.7 Armour
 * Level 1.9 Dodging
 + Level 1.3 Stealth
 * Level 1.5 Unarmed Combat
 * Level 1.6 Spellcasting


You had 7 spell levels left.
You didn't know any spells.
Your spell library contained the following spells:

 Spells                   Type           Power      Damage    Failure   Level
 Fugue of the Fallen      Necr           1%         N/A       69%         3
 Ozocubu's Armour         Ice            1%         N/A       69%         3
 Manifold Assault         Tloc           1%         N/A       97%         4


Dungeon Overview and Level Annotations

Branches:
Dungeon (3/15)

Altars:
Ru
Trog
Xom

Annotations:
D:3 1 runed translucent door, discipleofbeogh's ghost, amateur CoGl


Innate Abilities, Weirdness & Mutations

You may rarely emit foul miasma when damaged in melee.
You regenerate a little health from kills.


Message History

The bullfrog is almost dead.
The bullfrog hits you but does no damage.
The giant cockroach waves its antennae.
The bullfrog hits you but does no damage.
You hit the bullfrog.
The bullfrog is almost dead.
The bullfrog closely misses you. The bullfrog hits you.
You miss the bullfrog.
The bullfrog is almost dead.
The bullfrog misses you.
You slash the bullfrog!
The bullfrog seems to slow down.
You freeze the bullfrog.
You kill the bullfrog!
Discipleofbeogh's ghost hits you! The river rat closely misses you.
The giant cockroach bites you but does no damage.
There is an open translucent door, spattered with blood here.
You hit discipleofbeogh's ghost.
Discipleofbeogh's ghost is lightly damaged.
You hit the river rat but do no damage.
The river rat is moving more slowly.
You barely miss the giant cockroach. x2 "Go forth and cause havoc, mortal!"
You feel clever all of a sudden. The giant cockroach misses you.
The giant cockroach bites you but does no damage.
Discipleofbeogh's ghost hits you!
* * * LOW HITPOINT WARNING * * *
The river rat barely misses you. The giant cockroach closely misses you.
You feel better. Xom grants you a minor favour.
You feel more clever all of a sudden. The giant cockroach barely misses you.
Discipleofbeogh's ghost hits you. The river rat bites you!
* * * LOW HITPOINT WARNING * * *
The giant cockroach splashes around in the water.
You feel better. The giant cockroach misses you. x2
Discipleofbeogh's ghost hits you!
* * * LOW HITPOINT WARNING * * *
The river rat bites you!
You die...
Xom laughs nastily!

........#..#........P..........#
♣♣♣♣♣♣♣###.......♣P♣♣..÷[.....<#
.)................P.P..........#
....#..#####...............###.##
######..#####...)..........##....
# ##..##.......)#....######.##
#################)÷#....## #.....
...##.#~~~~~~~~B#........# ###.##
...#..+~~~~?~~rW@....##..###.._..
......#~~~~~~~~r#B...##....###_##
.....############..<....##.#_._.#
.........................#####.##
.......................♣.♣##.....
.....♣♣♣♣♣♣♣♣♣♣..............##..
..(..♣♣..♣P♣.♣♣.^..##♣#♣.♣#♣.##..
........................÷....##..
...##♣♣P♣.♣♣♣P♣##....♣#♣.♣#♣#####


You could see discipleofbeogh's ghost, a river rat (petrifying), 2 giant
cockroaches and a rat.

Vanquished Creatures
  A bullfrog (D:3)
  A crimson imp (D:3)
  Terence (D:3)
  A gnoll (D:1)
  3 adders (D:3)
  A dart slug (D:1)
  6 endoplasms
  4 giant cockroaches
  5 goblins
  5 hobgoblins
  2 jackals (D:3)
  6 kobolds
  2 quokkas
  9 ball pythons
  5 bats
  A frilled lizard (D:1)
  A goblin skeleton (D:3)
  A goblin zombie (D:3)
  5 hobgoblin zombies (D:3)
  2 kobold skeletons (D:3)
  2 kobold zombies (D:3)
  A rat (D:2)
65 creatures vanquished.

Vanquished Creatures (others)
  A kobold zombie (D:1)
1 creature vanquished.

Grand Total: 66 creatures vanquished

Notes
Turn   | Place    | Note
-------+----------+-------------------------------------------
     0 | D:1      | ezpacito the Demonspawn Chaos Knight began the quest for
                  | the Orb.
     0 | D:1      | Reached XP level 1. HP: 18/18 MP: 1/1
    24 | D:1      | You fall into a shaft and drop 1 floor!
    95 | D:2      | Reached skill level 1 in Dodging
   146 | D:2      | XOM: potion effect (might)
   171 | D:1      | Gained mutation: You regenerate a little health from kills.
                  | [demonic ancestry]
   171 | D:1      | Reached XP level 2. HP: 23/24 MP: 2/2
   246 | D:1      | XOM: potion effect (invisibility)
   270 | D:1      | Gained mutation: You may rarely emit foul miasma when
                  | damaged in melee. [demonic ancestry]
   270 | D:1      | Reached XP level 3. HP: 29/29 MP: 2/4
   311 | D:1      | XOM: silly message
   316 | D:1      | XOM: divination: detect items
   903 | D:3      | Noticed a bullfrog
   903 | D:3      | Found a runed translucent door.
   904 | D:3      | Noticed discipleofbeogh's ghost (amateur CoGl)
   904 | D:3      | Noticed Terence
   920 | D:3      | XOM: noise
   935 | D:3      | Killed Terence
   936 | D:3      | Reached skill level 1 in Stealth
   936 | D:3      | Reached skill level 1 in Unarmed Combat
   936 | D:3      | Reached skill level 1 in Spellcasting
   936 | D:3      | Reached XP level 4. HP: 28/35 MP: 5/5
   975 | D:3      | XOM: scenery: create altars
  1024 | D:3      | Found a runed translucent door.
  1025 | D:3      | XOM: potion effect (brilliance)
  1033 | D:3      | XOM: divination: magic mapping
  1046 | D:3      | XOM: divination: detect items
  1141 | D:3      | Found a sacrificial altar of Ru.
  1158 | D:3      | Reached XP level 5. HP: 41/41 MP: 6/6
  1205 | D:3      | Identified the ring "Oxkopiat" {rPois rF+ rN+ Slay+2}
  1256 | D:3      | Found a bloodstained altar of Trog.
  1310 | D:3      | XOM: silly message
  1509 | D:3      | XOM: silly message
  1583 | D:3      | XOM: potion effect (brilliance)
  1584 | D:3      | XOM: potion effect (brilliance)
  1585 | D:3      | Slain by a river rat

Illustrated notes

Levels and vault maps discovered:
D:1:      ebering_hopf_link, layout_basic, minmay_misc_feat_tiny
D:2:      layout_basic
D:3:      layout_rooms, trog_three_pillars_becter, nicolae_tso_besieged_by_evil,
          nicolae_ru_great_annihilating_truth, serial_forest,
          infiniplex_forest_straight_1, infiniplex_forest_straight_5,
          infiniplex_forest_straight_3, infiniplex_forest_corner_1,
          infiniplex_forest_lined_4_way, infiniplex_forest_clump_double,
          ebering_ghost_sewer_f, minmay_misc_feat_hallway, saegor_snake_ambush,
          uniq_terence

Skill      XL: |  1  2  3 |
---------------+----------+-----
Dodging        | 1 |  1.9
Armour         | 2 |  2.7
Axes           | 3 |  3.3
Stealth        | 1 |  1.3
Unarmed Combat | 1 |  1.5
Spellcasting   | 1 |  1.6
Fighting       | |  3.7

Action                     |  1- 3 |  4- 6 || total
---------------------------+-------+-------++-------
  Melee: Hand axe          |    98 |    79 ||   177
    Use: Scroll            |     1 |       ||     1
         Potion            |     2 |     2 ||     4
   Stab: Invisible         |     3 |       ||     3
         Confused          |     1 |       ||     1
         Paralysed         |       |     3 ||     3
 Armour: Leather armour    |    71 |    47 ||   118
  Dodge: Dodged            |    56 |    63 ||   119

Table legend: (Time is in decaauts)
 A = Elapsed time spent in this place.
 B = Non-inter-level travel time spent in this place.
 C = Inter-level travel time spent in this place.
 D = Time resting spent in this place.
 E = Time spent auto-exploring this place.
 F = Levels seen in this place.
 G = Mean time per level.
                   A        B        C        D        E       F      G
               +--------+--------+--------+--------+--------+-----+--------+
         Total |   1632 |   1548 |     84 |     62 |   1087 |   3 |  544.0 |
       Dungeon |   1632 |   1548 |     84 |     62 |   1087 |   3 |  544.0 |
               +--------+--------+--------+--------+--------+-----+--------+

Top non-repeatable levels by time:
     D:3: 720 daAuts
     D:1: 708 daAuts
     D:2: 203 daAuts
